 Dungeon Crawl Stone Soup version 0.28.0-53-g5a82cb258f (webtiles) character file.

Game seed: 6878056801605654613

11 JOEMAMA2 the Caller (level 2, -2/15 HPs)
             Began as a Deep Elf Summoner on Aug 9, 2022.
             Slain by a goblin
             ... wielding a +3 dagger
              (6 damage)
             ... on level 1 of the Dungeon on Nov 1, 2022.
             The game lasted 00:07:16 (1664 turns).

JOEMAMA2 the Caller (Deep Elf Summoner)             Turns: 1664, Time: 00:07:16

Health: -2/15      AC:  2    Str:  5    XL:     2   Next: 13%
Magic:  8/8        EV: 12    Int: 19    God:
Gold:   46         SH:  0    Dex: 15    Spells: 6/7 levels left

rFire   . . .      SeeInvis .   c - +0 club
rCold   . . .      Faith    .   (no shield)
rNeg    . . .      Spirit   .   a - +0 robe
rPois   .          Reflect  .   (no helmet)
rElec   .          Harm     .   (no cloak)
rCorr   .          Rampage  .   (no gloves)
Will    .....                   (no boots)
Stlth   ++........              (no amulet)
HPRegen 0.05/turn               (no ring)
MPRegen 0.11/turn               (no ring)

@: no status effects
A: no striking features
a: no special abilities


You were on level 1 of the Dungeon.
You visited 1 branch of the dungeon, and saw 1 of its levels.

You collected 46 gold pieces.

Inventory:

Hand Weapons
 c - a +0 club (weapon)
 e - a +0 dagger
Missiles
 b - 11 stones
Armour
 a - a +0 robe (worn)
Scrolls
 d - a scroll of blinking {unknown}
 f - a scroll of identify {unknown}


   Skills:
 + Level 2.5 Dodging
 + Level 2.6 Stealth
 + Level 3.1 Spellcasting
 + Level 4.8 Summonings


You had 6 spell levels left.
You knew the following spells:

 Your Spells              Type           Power      Damage    Failure   Level
a - Summon Small Mammal   Summ           84%        N/A       1%          1

Your spell library contained the following spells:

 Spells                   Type           Power      Damage    Failure   Level
 Call Imp                 Summ           21%        N/A       3%          2
 Call Canine Familiar     Summ           21%        N/A       6%          3
 Summon Guardian Golem    Hex/Summ       12%        N/A       17%         3
 Summon Lightning Spire   Summ/Air       12%        N/A       50%         4


Dungeon Overview and Level Annotations

Branches:
Dungeon (1/15)

Altars:

Shops:
D:1 (*?


Message History

The bat hits you but does no damage.
The ball python bites you but does no damage.
The ball python grabs you. The ball python constricts you.
You escape the ball python's grasp.
The bat closely misses you.
Your rat bites the ball python.
The ball python dies!
Your quokka bites the bat.
The bat misses you. The bat hits you but does no damage.
Your quokka barely misses the bat.
The bat barely misses your rat.
You hit the bat.
You kill the bat!
You swap places.
You see here a bat corpse.
You swap places.
You see here 3 atropa-tipped darts.
Your rat disappears in a puff of smoke!
Your quokka disappears in a puff of smoke!
HP restored.
Found a dagger.
You see here a +0 dagger.
Found Hiewej's Magic Scroll Shoppe.
A goblin comes into view. It is wielding a +3 dagger.
Found 15 gold pieces.
The goblin shouts!
You hear a shout!
The goblin hits you but does no damage.
A goblin comes into view. It is wielding a +0 dagger.
You see here 15 gold pieces.
You barely miss the goblin. The goblin hits you with a +3 dagger.
You barely miss the goblin. The goblin closely misses you.
You closely miss the goblin. The goblin hits you but does no damage.
The goblin hits you with a +3 dagger.
You closely miss the goblin. The goblin barely misses you.
You barely miss the goblin. The goblin hits you with a +0 dagger.
The goblin closely misses you. The goblin hits you with a +0 dagger.
You hit the goblin.
The goblin is almost dead.
The goblin closely misses you. The goblin hits you with a +0 dagger.
* * * LOW HITPOINT WARNING * * *
The goblin hits you with a +3 dagger.
You die...

.........#.# #.###
#####..#.#.# #.# ####.###.#
#.# #.. .....# #.# #.#
#.### #)# #.# #... #.# ## #
#.###.# # #.# ..#
###.#...#####.#####.#...###
'..............g@.........#
###.#.##.####.#g###+#.....#
+...#.##.## # #.. ....#.
#####'##..# #.#... ...#
..........# #.#.... ...####
..÷.......# #.#..... ∩.##.#
..........###.#.....g
..##.#
...........##.#.###+## #.#
##########.##.# #.#


You could see 2 goblins.

Vanquished Creatures
  2 bats (D:1)
  A giant cockroach (D:1)
3 creatures vanquished.

Vanquished Creatures (collateral kills)
  A bat (D:1)
  An endoplasm (D:1)
  A goblin (D:1)
  A hobgoblin (D:1)
  A ball python (D:1)
  2 rats (D:1)
7 creatures vanquished.

Grand Total: 10 creatures vanquished

Notes
Turn   | Place    | Note
-------+----------+-------------------------------------------
     0 | D:1      | JOEMAMA2 the Deep Elf Summoner began the quest for the Orb.
     0 | D:1      | Reached XP level 1. HP: 10/10 MP: 6/6
  1002 | D:1      | Found Eceleh's Weapon Shoppe.
  1437 | D:1      | Reached XP level 2. HP: 15/15 MP: 5/8
  1473 | D:1      | Found Kunwezuy's Assorted Antiques.
  1651 | D:1      | Found Hiewej's Magic Scroll Shoppe.
  1664 | D:1      | Slain by a goblin

Illustrated notes

Levels and vault maps discovered:
D:1:      lemuel_arrival_cross, layout_basic, shapermc_ecumenical_altar_pompeii,
          serial_shops, nicolae_shop_bloodbath_and_beyond, shop,
          nicolae_lakefront_shop, shop, shop

Action                   || total
-------------------------++-------
Melee: Club              ||    29
 Cast: Summon Small Mamm ||    19
 Stab: Sleeping          ||     1
Armor: Robe              ||    27
Dodge: Dodged            ||    54
